 Dungeon Crawl Stone Soup version 0.29-a0-323-g050149af67 (webtiles) character file.

Game seed: 4743228067679644346

32 bande the Covered (level 3, -6/23 HPs)
             Began as a Gargoyle Fighter on Apr 10, 2022.
             Killed from afar by Terence (8 damage)
             ... with a puff of flame
             ... on level 2 of the Dungeon.
             The game lasted 00:01:21 (909 turns).

bande the Covered (Gargoyle Fighter)                 Turns: 909, Time: 00:01:22

Health: -6/23      AC: 10    Str: 19    XL:     3   Next: 27%
Magic:  3/3        EV:  9    Int:  8    God:
Gold:   39         SH:  4    Dex: 11    Spells: 2/2 levels left

rFire   . . .      SeeInvis .   a - +0 war axe
rCold   . . .      Faith    .   c - +0 buckler
rNeg    + . .      Spirit   .   b - +0 scale mail
rPois   ∞          Reflect  .   (no helmet)
rElec   +          Harm     .   (no cloak)
rCorr   .          Rampage  .   (no gloves)
Will    .....                   (no boots)
Stlth   ..........              (no amulet)
HPRegen 0.07/turn               (no ring)
MPRegen 0.08/turn               (no ring)

@: no status effects
A: sickness immunity, AC +3, negative energy resistance 1, electricity
resistance, torment resistance 1, petrification resistance
a: no special abilities


You were on level 2 of the Dungeon.
You visited 1 branch of the dungeon, and saw 2 of its levels.

You collected 39 gold pieces.

Inventory:

Hand Weapons
 a - a +0 war axe (weapon)
Armour
 b - a +0 scale mail (worn)
 c - a +0 buckler (worn)
Jewellery
 e - an amulet of the acrobat
 g - a ring of fire
Potions
 d - 3 potions of might
 f - a potion of flight
 h - a potion of brilliance {unknown}


   Skills:
 + Level 3.5 Fighting
 + Level 2.2 Axes
 + Level 3.8 Armour
 + Level 3.6 Shields


You had 2 spell levels left.
You didn't know any spells.
Your spell library contained the following spells:

 Spells                   Type           Power      Damage    Failure   Level
 Dazzling Flash           Conj/Hex       0%         N/A       99%         3
 Agony                    Necr           0%         N/A       100%        5
 Silence                  Hex/Air        0%         N/A       100%        5


Dungeon Overview and Level Annotations

Branches:
Dungeon (2/15)

Altars:

Annotations:
D:2 Terence


Innate Abilities, Weirdness & Mutations

You are immune to sickness and miasma.
Your stone body is resilient. (AC +3)
You are immune to poison.
You resist negative energy. (rN+)
You are resistant to electric shocks. (rElec)
You are resistant to unholy torment.
You are immune to petrification.


Message History

It is a scroll of identify.
f - a potion of flight Terence the Incautious comes into view.
He is wielding a +0 short sword and carrying a wand of flame (29).
Terence shouts!
Terence zaps a wand.
The puff of flame hits you.
Terence is nearby!
Terence is nearby!
A bat comes into view.
Terence zaps a wand.
The puff of flame hits you!
An endoplasm comes into view.
The endoplasm quivers.
The bat hits you but does no damage.
You slash the bat!
You kill the bat!
You barely miss Terence.
Terence zaps a wand.
The puff of flame hits you.
You are too injured to fight recklessly!
You are too injured to fight recklessly!
You are too injured to fight recklessly!
You are too injured to fight recklessly!
You are too injured to fight recklessly!
You are too injured to fight recklessly!
Unknown command.
You closely miss Terence. Terence barely misses you.
The endoplasm jiggles.
The endoplasm freezes you.
You are frozen.
Terence completely misses you.
Unknown command.
You barely miss Terence. You hit the endoplasm.
Terence hits you but does no damage. The endoplasm freezes you.
You are frozen.
You barely miss Terence. You hit the endoplasm.
Terence hits you with a +0 short sword.
* * * LOW HITPOINT WARNING * * *
The endoplasm hits you but does no damage.
The endoplasm freezes you.
You are frozen.
* * * LOW HITPOINT WARNING * * *
Terence zaps a wand.
The puff of flame hits you!
You die...

#.# #.# #. ## #.#
#.# .# #.# ##.####
..# #.# #.....#...
#.# #.....#.## #.#
#........
#######<###...@J#
..............@.#
#######.####.####.#
#.............
######.###.... #.#
.. #.# #.. ###


You could see Terence and an endoplasm.

Vanquished Creatures
  A dart slug (D:1)
  3 ball pythons (D:1)
  5 bats
  2 endoplasms (D:1)
  A giant cockroach (D:1)
  A hobgoblin (D:1)
  A jackal (D:1)
  A quokka (D:1)
  6 frilled lizards (D:1)
  2 goblins (D:1)
  4 kobolds (D:1)
  3 rats (D:1)
30 creatures vanquished.

Notes
Turn   | Place    | Note
-------+----------+-------------------------------------------
     0 | D:1      | bande the Gargoyle Fighter began the quest for the Orb.
     0 | D:1      | Reached XP level 1. HP: 14/14 MP: 1/1
   108 | D:1      | Reached XP level 2. HP: 19/19 MP: 2/2
   432 | D:1      | Found a faded altar of an unknown god.
   463 | D:1      | Reached XP level 3. HP: 20/23 MP: 3/3
   901 | D:2      | Noticed Terence
   909 | D:2      | Killed from afar by Terence

Illustrated notes

Levels and vault maps discovered:
D:1:      beargit_arrival_diablo_church, layout_basic,
          shapermc_ecumenical_altar_starsandcircs, minmay_indecisive_spiral
D:2:      layout_loops_ring, serial_shops, nicolae_shop_waterfront,
          dk_vineyard_1, grunt_decor_cap, uniq_terence

Skill      XL: |  1  2 |
---------------+-------+-----
Axes           | 2 |  2.2
Fighting       | |  3.5
Armour         | |  3.8
Shields        | |  3.6

Action                   || total
-------------------------++-------
Melee: War axe           ||    62
  Use: Scroll            ||     2
Armor: Scale mail        ||    38
Dodge: Dodged            ||    35
Block: Buckler           ||    17

Table legend: (Time is in decaauts)
 A = Elapsed time spent in this place.
 B = Non-inter-level travel time spent in this place.
 C = Inter-level travel time spent in this place.
 D = Time resting spent in this place.
 E = Time spent auto-exploring this place.
 F = Levels seen in this place.
 G = Mean time per level.
                   A        B        C        D        E       F      G
               +--------+--------+--------+--------+--------+-----+--------+
         Total |    935 |    935 |      0 |      0 |    742 |   2 |  467.5 |
       Dungeon |    935 |    935 |      0 |      0 |    742 |   2 |  467.5 |
               +--------+--------+--------+--------+--------+-----+--------+

Top non-repeatable levels by time:
     D:1: 917 daAuts
     D:2: 17 daAuts
